AoeStats
← rider57

Arena

507900217Analyzed
1v1 RM · 12d ago on Sep 20, 2026· 38m 20s· 2 players
Game mode
Random Map
Map size
Tiny (2 player)
Population
200
Speed
Normal
Resources
Standard
Victory
Conquest
Starting age
Dark Age
Ending age
Imperial Age
RankedLock teamsTeams togetherTeam positionsShared explorationLock speedFull tech treeHidden civsTurbo modeCheats
Victory
Defeat
🇮🇳 Khmer · India
956
+16
🇺🇸 Byzantines · United States
963
-16
rider57
10:34 Feudal Age
14:20 Castle Age
13:27 Double-Bit Axe
13:29 Horse Collar
15:01 Loom
22:17 Bloodlines
22:45 Forging
22:41 Scale Barding Armor
22:50 Bow Saw
23:31 Wheelbarrow
23:19 Husbandry
23:56 Scale Barding Armor
26:27 Hand Cart
26:58 Heavy Plow
28:50 Iron Casting
28:08 Fletching
29:46 Town Watch
34:20 Imperial Age
32:36 Ballistics
33:35 Chain Barding Armor
33:39 Gold Mining
33:39 Stone Mining
33:28 Elite Skirmisher
34:11 Bodkin Arrow
34:16 Padded Archer Armor
35:29 Tusk Swords
35:51 Conscription
36:45 Gold Shaft Mining
35:52 Elite Battle Elephant
luke_h5
12:17 Feudal Age
17:07 Castle Age
16:33 Double-Bit Axe
17:29 Horse Collar
23:32 Bow Saw
26:26 Scale Barding Armor
28:35 Husbandry
30:50 Chain Barding Armor
32:04 Wheelbarrow
33:25 Loom
33:56 Gold Mining
36:04 Hand Cart
36:14 Fletching
36:36 Forging
Connection lost

Rejoining the realm…

Still unreachable

The connection could not be restored.

Session expired

The server has moved on; the page needs a fresh start.